 Dungeon Crawl Stone Soup version 0.28-a0-1616-g050a50673c (webtiles) character file.

Game seed: 3892033553735522530

609 croobank the Digger (level 7, -6/36 HPs)
             Began as a Gargoyle Earth Elementalist on Jan 22, 2022.
             Killed by divine providence
             ... invoked by an orc priest
              (13 damage)
             ... on level 6 of the Dungeon.
             The game lasted 00:20:51 (5269 turns).

croobank the Digger (Gargoyle Earth Elementalist)   Turns: 5269, Time: 00:20:58

Health: -6/36      AC:  9    Str: 14    XL:     7   Next: 43%
Magic:  12/12      EV: 12    Int: 15    God:
Gold:   129        SH:  0    Dex: 10    Spells: 1/13 levels left

rFire   . . .      SeeInvis .   a - +1 dagger (venom)
rCold   . . .      Faith    .   (no shield)
rNeg    + . .      Spirit   .   z - +0 robe
rPois   ∞          Reflect  .   n - +0 helmet
rElec   +          Harm     .   (no cloak)
rCorr   .          Rampage  .   f - +1 pair of gloves
Will    .....                   (no boots)
Stlth   ++........              d - amulet of the acrobat
HPRegen 0.12/turn               (no ring)
MPRegen 0.13/turn               (no ring)

@: no status effects
A: sickness immunity, AC +4, negative energy resistance 1, electricity
resistance, torment resistance 1, petrification resistance
a: no special abilities


You were on level 6 of the Dungeon.
You visited 1 branch of the dungeon, and saw 6 of its levels.

You collected 129 gold pieces.

Inventory:

Hand Weapons
 a - a +1 dagger of venom (weapon)
 b - a +0 arbalest
 e - a +0 mace
 q - a +0 long sword
Missiles
 c - 77 stones
 g - 11 bolts
 h - 42 arrows
 l - 11 sling bullets
 m - 10 poisoned darts
 t - 2 boomerangs
Armour
 f - a +1 pair of gloves (worn)
 j - a +0 leather armour
 k - a +0 plate armour
 n - a +0 helmet (worn)
 p - a +0 ring mail
 w - a scarf of shadows
 z - a +0 robe (worn)
Magical Staves
 i - a staff of poison
Jewellery
 d - an amulet of the acrobat (around neck)
 u - a ring of protection from fire
Wands
 v - a wand of paralysis (11)
Scrolls
 r - 3 scrolls of teleportation
 y - a scroll of enchant armour {unknown}
Potions
 o - a potion of heal wounds
 s - 2 potions of lignification
 x - a potion of degeneration {unknown}


   Skills:
 - Level 3.0 Dodging
 - Level 4.3 Stealth
 - Level 3.5 Spellcasting
 - Level 2.6 Transmutations
 - Level 5.3 Earth Magic
 + Level 2.3 Poison Magic


You had one spell level left.
You knew the following spells:

 Your Spells              Type           Power      Damage    Failure   Level
a - Sandblast             Erth           36%        2d10      2%          1
b - Passwall              Tmut/Erth      11%        N/A       5%          2
c - Stone Arrow           Conj/Erth      20%        3d8       19%         3
d - Ignite Poison         Fire/Tmut/Pois 7%         N/A       28%         3
e - Mephitic Cloud        Conj/Pois/Air  5%         N/A       38%         3

Your spell library contained the following spells:

 Spells                   Type           Power      Damage    Failure   Level
 Petrify                  Tmut/Erth      14%        N/A       36%         4
 Freezing Cloud           Conj/Ice/Air   1%         6-21      99%         5


Dungeon Overview and Level Annotations

Branches:
Dungeon (6/15)
 Temple: D:4-7

Altars:
Fedhas


Innate Abilities, Weirdness & Mutations

You are immune to sickness and miasma.
Your stone body is resilient. (AC +4)
You are immune to poison.
You resist negative energy. (rN+)
You are resistant to electric shocks. (rElec)
You are resistant to unholy torment.
You are immune to petrification.


Message History

Casting: Passwall (safe; 5% risk of failure)
Confirm with . or Enter, or press ? or * to list all spells.
Okay, then.
Casting: Passwall (safe; 5% risk of failure)
Confirm with . or Enter, or press ? or * to list all spells.
Aiming: Sandblast (safe; 2% risk of failure)
Press: ? - help, Shift-Dir - straight line, f/p - bullfrog zombie
Aim: a bullfrog zombie (heavily damaged, 87% to hit)
The blast of sand hits something!
Reactivating autopickup.
You feel a bit more experienced.
You hit the bullfrog zombie.
The bullfrog zombie is heavily damaged.
The bullfrog zombie hits you but does no damage.
The bullfrog zombie closely misses you.
You hit the bullfrog zombie.
The bullfrog zombie is severely damaged.
You hear the rusting of a distant drain.
The bullfrog zombie hits you.
You hit the bullfrog zombie.
The bullfrog zombie is almost destroyed.
The bullfrog zombie hits you but does no damage.
You hit the bullfrog zombie.
The bullfrog zombie is almost destroyed.
The bullfrog zombie closely misses you.
The orc priest calls down the wrath of Beogh upon you.
Beogh smites you!
* * * LOW HITPOINT WARNING * * *
The bullfrog zombie barely misses you.
You hear a shout!
You hit the bullfrog zombie but do no damage.
The bullfrog zombie is almost destroyed.
The bullfrog zombie barely misses you.
You hit the bullfrog zombie but do no damage.
The bullfrog zombie is almost destroyed.
The bullfrog zombie hits you.
* * * LOW HITPOINT WARNING * * *
The orc priest calls down the wrath of Beogh upon you.
Beogh smites you!
You die...

######+##
#.......<#.# #.
(........
#.######.#.# #.
........###.# #.#.#
#. ..........†.#
#.#.######.
.........####
##.#........
.........#
.##+#########
.........# ..#
.........####...#..
.........oZ@.......
###################


You could see an orc priest and a bullfrog zombie.

Vanquished Creatures
  Eustachio (D:4)
  A water moccasin zombie (D:3)
  A centaur zombie (D:4)
  A hound (D:5)
  2 orc priests (D:3)
  A bullfrog skeleton (D:6)
  2 orc wizards
  An iguana (D:6)
  A hound skeleton (D:4)
  8 adders
  An ufetubus (D:4)
  2 adder skeletons (D:4)
  A worm (D:4)
  3 dart slugs
  11 orcs
  5 ball pythons
  6 endoplasms
  3 giant cockroaches
  8 goblins
  6 hobgoblins
  5 quokkas
  4 bats
  3 frilled lizards
  4 kobolds
  8 rats
89 creatures vanquished.

Notes
Turn   | Place    | Note
-------+----------+-------------------------------------------
     0 | D:1      | croobank the Gargoyle Earth Elementalist began the quest
                  | for the Orb.
     0 | D:1      | Reached XP level 1. HP: 10/10 MP: 3/3
   304 | D:1      | Reached skill level 1 in Transmutations
   304 | D:1      | Reached XP level 2. HP: 12/15 MP: 1/5
   620 | D:1      | Found a faded altar of an unknown god.
  1090 | D:1      | Learned a level 2 spell: Passwall
  1274 | D:2      | Reached skill level 4 in Earth Magic
  1274 | D:2      | Reached XP level 3. HP: 16/19 MP: 2/6
  2233 | D:2      | Reached XP level 4. HP: 22/24 MP: 7/7
  2804 | D:3      | Reached XP level 5. HP: 22/28 MP: 5/9
  3086 | D:3      | Learned a level 3 spell: Stone Arrow
  3483 | D:3      | Reached XP level 6. HP: 26/32 MP: 1/10
  4387 | D:4      | Reached skill level 5 in Earth Magic
  4594 | D:4      | Noticed Eustachio
  4608 | D:4      | Killed Eustachio
  4609 | D:4      | Reached XP level 7. HP: 36/36 MP: 2/12
  4801 | D:5      | Entered Level 5 of the Dungeon
  4811 | D:5      | Learned a level 3 spell: Ignite Poison
  4846 | D:5      | Reached skill level 1 in Poison Magic
  4966 | D:5      | Noticed a yak
  4966 | D:5      | Noticed a yak
  4966 | D:5      | Noticed a yak
  4966 | D:5      | Noticed a yak
  4972 | D:5      | Learned a level 3 spell: Mephitic Cloud
  5112 | D:6      | Found a blossoming altar of Fedhas.
  5269 | D:6      | Killed from afar by an orc priest

Illustrated notes

Levels and vault maps discovered:
D:1:      roderic_lyre, layout_basic, shapermc_ecumenical_altar_totnotflames
D:2:      layout_loops_ring
D:3:      layout_loops_ring, chequers_serial_rivers_micro_d, minivault_27,
          hangedman_decor_push
D:4:      layout_rooms, uniq_eustachio
D:5:      layout_loops_ring
D:6:      layout_basic, fedhas_altar_3, gammafunk_ghost_cemetery,
          portal_sewer_entry_d

Skill      XL: |  1  2  3  4  5  6  7 |
---------------+----------------------+-----
Transmutations | 1 2 |  2.6
Earth Magic    | 4 5 |  5.3
Dodging        | 2 3 |  3.0
Stealth        | 3 4 |  4.3
Spellcasting   | 3 |  3.5
Poison Magic   | 2 |  2.3

Action                   |  1- 3 |  4- 6 |  7- 9 || total
-------------------------+-------+-------+-------++-------
Melee: Mace              |    83 |   139 |       ||   222
       Unarmed           |     4 |       |       ||     4
       Dagger            |       |    18 |    34 ||    52
       Punch             |       |       |     1 ||     1
 Fire: Arbalest          |       |       |     3 ||     3
 Cast: Sandblast         |    23 |    39 |     9 ||    71
       Stone Arrow       |       |     2 |     1 ||     3
  Use: Scroll            |       |     3 |     1 ||     4
       Potion            |       |     4 |       ||     4
 Stab: Sleeping          |     3 |     3 |     1 ||     7
Armor: Robe              |    41 |    96 |    14 ||   151
Dodge: Dodged            |    74 |   141 |    18 ||   233

Table legend: (Time is in decaauts)
 A = Elapsed time spent in this place.
 B = Non-inter-level travel time spent in this place.
 C = Inter-level travel time spent in this place.
 D = Time resting spent in this place.
 E = Time spent auto-exploring this place.
 F = Levels seen in this place.
 G = Mean time per level.
                   A        B        C        D        E       F      G
               +--------+--------+--------+--------+--------+-----+--------+
         Total |   5356 |   5211 |    145 |    360 |   3664 |   6 |  892.7 |
       Dungeon |   5356 |   5211 |    145 |    360 |   3664 |   6 |  892.7 |
               +--------+--------+--------+--------+--------+-----+--------+

Top non-repeatable levels by time:
     D:3: 1467 daAuts
     D:1: 1275 daAuts
     D:2: 1116 daAuts
     D:4: 1029 daAuts
     D:6: 256 daAuts
     D:5: 211 daAuts
